AoeStats
← Wildanlor

Golden Pit

510233413Analyzed
1v1 RM · 12h ago on Sep 30, 2026· 23m 37s· 2 players
Game mode
Random Map
Map size
Tiny (2 player)
Population
200
Speed
Normal
Resources
Standard
Victory
Conquest
Starting age
Dark Age
Ending age
Imperial Age
RankedLock teamsTeams togetherTeam positionsShared explorationLock speedFull tech treeHidden civsTurbo modeCheats
Victory
Defeat
🇺🇸 Hindustanis · United States
675
+17
🇨🇳 Romans · China
700
-17
Wildanlor
10:24 Feudal Age
11:29 Loom
11:50 Man-at-Arms
13:10 Arson
13:27 Scale Mail Armor
13:42 Man-at-Arms
14:50 Forging
21:23 Castle Age
22:02 Stone Mining
76561199004763034
10:42 Feudal Age
14:17 Man-at-Arms
17:04 Loom
24:47 Castle Age
Connection lost

Rejoining the realm…

Still unreachable

The connection could not be restored.

Session expired

The server has moved on; the page needs a fresh start.